Map: Lerilak Crest

Players

Javert - Winner!

  • Race: Zerg Zerg
  • League: Grandmaster

WaWaCrAtEs

  • Race: Protoss Protoss
  • League: Grandmaster

VOD

Have the link to the VOD?

Description

Time

  • Played on: July 12, 2015, 12:23 a.m.
  • Length: 5:17
Show
View Real Time Build Order
Export as new Build Order

Javert Zerg - Winner!

Build Orders: Hatch First 

Get SALT Encoding   

  12  0:13  Overlord  
  12  0:14  Drone  
  13  0:24  Drone  
  14  0:32  Drone  
  14  0:35  Drone  
  16  0:52  Hatchery  
  16  0:54  Drone  
  16  0:58  Drone  
  16  1:00  Extractor  
  16  1:08  Drone  
  17  1:19  Spawning Pool  
  17  1:22  Drone  
  17  1:36  Drone  
  18  1:49  Drone  
  19  1:55  Drone  
  20  2:07  Queen  
  22  2:08  Queen  
  22  2:10  Metabolic Boost  
  24  2:16  Zergling x8  
  28  2:27  Overlord  
  28  2:56  Drone x3  
  28  2:57  Drone x3  
  34  3:04  Hatchery  
  33  3:18  Drone x3  
  34  3:34  Zergling x4  
  35  3:59  Zergling x2  
  36  4:05  Roach Warren  
  35  4:12  Zergling x2  
  35  4:20  Zergling x14  
  42  4:29  Overlord, Extractor  
  40  4:43  Drone  
  43  4:55  Drone x7  
  43  4:56  Drone  
Show
View Real Time Build Order
Export as new Build Order

WaWaCrAtEs Protoss 

Build Orders: Forge Fast Expand (FFE) 

Get SALT Encoding   

  12  0:00  Probe  
  13  0:14  Pylon  
  13  0:17  Probe  
  14  0:32  Probe (Chrono Boost)  
  14  0:33  Forge  
  16  0:43  Probe (Chrono Boost)  
  16  0:49  Probe (Chrono Boost)  
  17  1:01  Probe  
  18  1:13  Nexus  
  18  1:19  Pylon  
  18  1:22  Probe (Chrono Boost)  
  19  1:32  Probe (Chrono Boost)  
  20  1:41  Probe  
  20  1:42  Gateway  
  21  1:50  Photon Cannon  
  21  1:53  Probe  
  22  2:05  Probe (Chrono Boost)  
  24  2:17  Probe (Chrono Boost)  
  24  2:21  Assimilator  
  24  2:24  Probe (Chrono Boost)  
  24  2:26  Probe (Chrono Boost)  
  24  2:29  Cybernetics Core  
  26  2:34  Probe (Chrono Boost)  
  27  2:44  Probe (Chrono Boost)  
  28  2:45  Probe (Chrono Boost)  
  28  2:50  Gateway, Zealot (Chrono Boost)  
  30  2:52  Pylon  
  32  3:20  Zealot (Chrono Boost)  
  32  3:24  Mothership Core  
  34  3:41  Probe  
  34  3:45  Probe  
  36  3:56  Nexus  
  36  3:57  Pylon  
  36  4:00  Zealot x2 (Chrono Boost)  
  40  4:12  Probe  
  40  4:13  Probe  
  38  4:24  Probe  
  38  4:25  Probe  
  38  4:27  Assimilator  
  38  4:30  Gateway  
  40  4:32  Gateway  
  40  4:39  Gateway  
  40  4:40  Pylon  
  40  4:42  Pylon  
  37  5:02  Probe x2 (Chrono Boost)  
  37  5:06  Assimilator  
  39  5:10  Assimilator  
Tags
 
Add a new tag
Caveats
  • Supply blocks, unpowered buildings, or Contaminate may cause inaccurate times.
  • Supply counts are checked every 10 seconds.